 Seeded DCSS version 0.30-a0-920-g7493c07aab (webtiles) character file.

Game seed: 3125986916090331667 (custom seed)

27 Parcival the Shield-Bearer (level 2, 27/27 HPs)
             Began as a Minotaur Fighter on Mar 21, 2023.
             Quit the game on level 1 of the Dungeon.
             The game lasted 00:01:59 (835 turns).

Parcival the Shield-Bearer (Minotaur Fighter)        Turns: 835, Time: 00:02:00

Health: 27/27      AC:  7    Str: 20    XL:     2   Next: 93%
Magic:  1/1        EV:  9    Int:  5    God:
Gold:   43         SH:  4    Dex:  9    Spells: 1/1 levels left

rFire   . . .      SeeInvis .    a - +0 war axe
rCold   . . .      Faith    .    c - +0 buckler
rNeg    . . .      Spirit   .    b - +0 scale mail
rPois   .          Reflect  .    (helmet restricted)
rElec   .          Rampage  .    (no cloak)
rCorr   .                        (no gloves)
Will    .....                    (no boots) Stlth
                                 (no amulet)
HPRegen 0.24/turn                (no ring)
MPRegen 0.07/turn                (no ring)

@: no status effects
A: horns 2, retaliatory headbutt
a: no special abilities


You were on level 1 of the Dungeon.
You visited 1 branch of the dungeon, and saw 1 of its levels.

You collected 43 gold pieces.

Inventory:

Hand Weapons
 a - a +0 war axe (weapon)
Armour
 b - a +0 scale mail (worn)
 c - a +0 buckler (worn)
Jewellery
 h - a +6 ring of strength
 i - an amulet of magic regeneration
Scrolls
 e - a scroll of acquirement
 f - a scroll of brand weapon {unknown}
 g - a scroll of identify {unknown}
Potions
 d - a potion of might
 j - a potion of heal wounds {unknown}


   Skills:
 + Level 3.9 Fighting
 + Level 2.7 Axes
 + Level 4.0 Armour
 + Level 4.2 Shields


You had one spell level left.
You didn't know any spells.
Your spell library was empty.

Dungeon Overview and Level Annotations

Branches:
Dungeon (1/15)

Altars:


Innate Abilities, Weirdness & Mutations

You have a pair of horns on your head.
You reflexively headbutt those who attack you in melee.


Message History

An endoplasm is nearby!
An endoplasm is nearby!
You slash the endoplasm!
You kill the endoplasm!
Unknown command.
Found a ring mail.
You now have 34 gold pieces (gained 7).
i - an amulet of magic regeneration You see here 4 stones.
Key pressed, stopping explore.
Found a robe.
You now have 43 gold pieces (gained 9).
A bat comes into view.
The bat barely misses you.
You slash the bat!
You kill the bat!
A ball python comes into view.
A ball python is nearby!
A ball python is nearby!
Found 7 stones.
The ball python bites you. You block the ball python's attack.
You barely miss the ball python. The ball python bites you.
The ball python barely misses you.
You hit the ball python but do no damage.
The ball python barely misses you. You furiously retaliate!
You headbutt the ball python!
You kill the ball python!
Found a bubbling ruby potion.
HP restored.
You see here 7 stones.
j - a bubbling ruby potion You see here a +0 robe.
Key pressed, stopping explore.
There is a stone staircase leading down here.
Found a stone staircase leading down.
There is a stone staircase leading down here.
A rat comes into view.
You slash the rat!
You kill the rat!
This is a scroll of acquirement!
Are you sure you want to abandon this character and quit the game? (Confirm with "yes".)

#.....###.... ###
#.[.......... ..#
#.....###.#.. #.#
#.....# #.... #.#
####### #..). #.#
####. #.#
########.. #.#
#.........
#@#######.######..
#..>....#.# #..
#######.#.# ###
#.#.# #...# #####
# # #### #...


There were no monsters in sight!

Vanquished Creatures
  A gnoll (D:1)
  3 endoplasms (D:1)
  A hobgoblin (D:1)
  2 ball pythons (D:1)
  2 bats (D:1)
  5 goblins (D:1)
  2 kobolds (D:1)
  2 rats (D:1)
18 creatures vanquished.

Notes
Turn   | Place    | Note
-------+----------+-------------------------------------------
     0 | D:1      | Parcival the Minotaur Fighter began the quest for the Orb.
     0 | D:1      | Reached XP level 1. HP: 19/19 MP: 0/0
   165 | D:1      | Reached XP level 2. HP: 27/27 MP: 1/1
   835 | D:1      | Identified a scroll of acquirement
   835 | D:1      | Quit the game

Illustrated notes

Levels and vault maps discovered:
D:1:      amcnicky_arrival_single_pillar, layout_loops_cross,
          hangedman_glass_garden

Skill      XL: |  1  2 |
---------------+-------+-----
Shields        | 4 |  4.2
Armour         | 4 |  4.0
Fighting       | |  3.9
Axes           | |  2.7

Action                     || total
---------------------------++-------
  Melee: War axe           ||    40
         Headbutt          ||     3
 Armour: Scale mail        ||    17
  Dodge: Dodged            ||    22
  Block: Buckler           ||    12

Table legend: (Time is in decaauts)
 A = Elapsed time spent in this place.
 B = Non-inter-level travel time spent in this place.
 C = Inter-level travel time spent in this place.
 D = Time resting spent in this place.
 E = Time spent auto-exploring this place.
 F = Levels seen in this place.
 G = Mean time per level.
                   A        B        C        D        E       F      G
               +--------+--------+--------+--------+--------+-----+--------+
         Total |    851 |    851 |      0 |    190 |    469 |   1 |  851.0 |
       Dungeon |    851 |    851 |      0 |    190 |    469 |   1 |  851.0 |
               +--------+--------+--------+--------+--------+-----+--------+

Top non-repeatable levels by time:
     D:1: 851 daAuts
